 Dungeon Crawl Stone Soup version 0.27-a0-1188-g73eefd5def (webtiles) character file.

Game seed: 7349536250746149484

1060022 robertstho the Conqueror (level 27, -2/409 HPs)
             Began as a Minotaur Berserker on May 20, 2021.
             Was the Champion of Trog.
             Slain by an Executioner (11 damage)
             ... summoned by Gloorx Vloq
             ... in Pandemonium on May 21, 2021.
             The game lasted 04:11:30 (104190 turns).

robertstho the Conqueror (Minotaur Berserker)     Turns: 104190, Time: 04:11:31

Health: -2/409     AC: 45    Str: 39    XL:     27
Magic:  23/23      EV: 22    Int:  5    God:    Trog [******]
Gold:   8747       SH: 41    Dex: 12    Spells: 26/26 levels left

rFire    + + +     SeeInvis +   j - +5 broad axe (flame)
rCold    + + +     Faith    .   b - +1 tower shield {reflect}
rNeg     + . .     Spirit   .   E - +10 gold dragon scales
rPois    +         Reflect  +   V - -2 hat of the Alchemist {rElec rPois rF+ rC+ rN+ Will+ rMut rCorr}
rElec    +         Harm     .   I - +0 cloak
rCorr    +         Rampage  .   m - +2 pair of gloves {Str+3}
rMut     +                      f - +2 pair of boots {Fly}
Will     +++..                  e - amulet of reflection
Stlth    ..........             C - ring "Qit Jun" {rC+ EV+4 Str+6 Dex-2 SInv}
HPRegen  0.78/turn              F - ring of protection from fire
MPRegen  0.18/turn

@: berserking, lethally poisoned (-2 -> -8), flying, slowed
A: horns 2, retaliatory headbutt, large bone plates 2, agile 1, cold resistance
1, weak 1
}: 8/15 runes: decaying, serpentine, slimy, silver, abyssal, demonic, magical,
fiery
a: Renounce Religion, Berserk, Trog's Hand, Brothers in Arms


You were in Pandemonium.
You worshipped Trog.
Trog was exalted by your worship.
You visited 9 branches of the dungeon, and saw 49 of its levels.
You visited Pandemonium 1 time, and saw 20 of its levels.
You visited the Abyss 4 times.
You also visited: Sewer, Bailey, Gauntlet and Desolation.

You collected 11181 gold pieces.
You spent 2434 gold pieces at shops.

Inventory:

Hand Weapons
 j - a +5 broad axe of flaming (weapon)
 p - the +12 war axe of Imemuwu {elec, rElec rPois rF+}
   (You found it on level 5 of the Pits of Slime)

   Occasionally, upon striking a foe, it can discharge electrical energy and
   cause terrible harm.
   It protects you from fire.
   It insulates you from electricity.
   It protects you from poison.
 P - a +9 antimagic broad axe
 Q - the +6 broad axe of Distant Worlds {vorpal, Contam rElec Str+7 SInv}
   (Trog gifted it to you in Pandemonium)

   It inflicts extra damage upon your enemies.
   It affects your strength (+7).
   It insulates you from electricity.
   It lets you see invisible.
   It causes magical contamination when unequipped.
Missiles
 n - 4 atropa-tipped darts
 y - 25 curare-tipped darts
 K - 10 boomerangs of dispersal
Armour
 b - a +1 tower shield of reflection (worn)
 f - a +2 pair of boots of flying (worn)
 m - a +2 pair of gloves of strength (worn)
 E - +10 gold dragon scales (worn)
 I - a +0 cloak (worn)
 V - the -2 hat of the Alchemist (worn) {rElec rPois rF+ rC+ rN+ Will+ rMut rCorr}
   (You found it in a Gauntlet)

   It protects you from fire.
   It protects you from cold.
   It insulates you from electricity.
   It protects you from poison.
   It protects you from negative energy.
   It protects you from acid and corrosion.
   It protects you from mutation.
   It increases your willpower.
Jewellery
 d - a +4 ring of protection
 e - an amulet of reflection (around neck)
 g - the ring of Iczumuikk {rC++ Will- MP+9 Dex+3 Stlth+}
   (You found it in Pandemonium)

   [ring of magical power]

   It affects your dexterity (+3).
   It greatly protects you from cold.
   It affects your magic capacity (+9).
   It decreases your willpower.
   It makes you more stealthy.
 C - the ring "Qit Jun" (left hand) {rC+ EV+4 Str+6 Dex-2 SInv}
   (You found it in the Desolation of Salt)

   [ring of evasion]

   It affects your evasion (+4).
   It affects your strength (+6).
   It affects your dexterity (-2).
   It protects you from cold.
   It lets you see invisible.
 F - a ring of protection from fire (right hand)
 G - a +4 ring of slaying
 H - the ring of Kagach {rN+ Will+}
   (You found it on level 2 of the Orcish Mines)

   [ring of willpower]

   It protects you from negative energy.
   It increases your willpower.
 N - the ring of Qytzit {rC+ Int+6}
   (You found it in Pandemonium)

   [ring of protection from cold]

   It affects your intelligence (+6).
   It protects you from cold.
Wands
 c - a wand of mindburst (63)
 k - a wand of digging (44)
 x - a wand of iceblast (103)
 z - a wand of acid (66)
Scrolls
 i - 38 scrolls of teleportation
 l - 3 scrolls of summoning
 q - 9 scrolls of holy word
 r - 11 scrolls of fog
 s - 16 scrolls of magic mapping
 A - 17 scrolls of fear
 O - 49 scrolls of identify
 S - 7 scrolls of blinking
 X - 4 scrolls of silence
 Y - 8 scrolls of immolation
Potions
 a - 2 potions of heal wounds
 h - 7 potions of resistance
 o - 4 potions of ambrosia
 t - 7 potions of invisibility
 u - 7 potions of might
 w - 18 potions of attraction
 D - 6 potions of cancellation
 J - 12 potions of mutation
 L - 32 potions of curing
 M - 9 potions of haste
Miscellaneous
 v - a tin of tremorstones (2/2)
 B - a condenser vane
 R - a box of beasts
 Z - a phantom mirror


   Skills:
 O Level 27 Fighting
 + Level 5.3(7.1) Short Blades
 + Level 7.8(8.7) Long Blades
 O Level 27 Axes
 + Level 6.2(19.6) Maces & Flails
 + Level 5.7(19.5) Polearms
 + Level 4.6(7.2) Staves
 + Level 4.5(5.5) Slings
 + Level 4.5 Bows
 + Level 4.5 Crossbows
 + Level 4.1(5.0) Throwing
 O Level 27 Armour
 O Level 27 Dodging
 O Level 27 Shields
 + Level 4.4 Unarmed Combat
 - Level 2.0 Invocations
 * Level 26.5 Evocations


You had 26 spell levels left.
You didn't know any spells.
Your spell library was empty.

Dungeon Overview and Level Annotations

Branches:
Dungeon (15/15)            Temple (0/1) D:4            Lair (6/6) D:8
  Swamp (4/4) Lair:3        Snake (4/4) Lair:3        Slime (5/5) Lair:6
    Orc (2/2) D:12            Elf (3/3) Orc:2        Vaults (5/5) D:13
  Crypt (0/3) Vaults:3     Depths (5/5) D:15            Zot (0/5) Depths:5
  Sewer (visited)          Bailey (visited)         Desolation (visited)
Gauntlet (visited)

Altars:
Ashenzari
Dithmenos
Fedhas
Gozag
Okawaru
Sif Muna
Trog
Uskayaw
Xom
Yredelemnul
Zin
Beogh
Jiyva

Shops:
D:5 (**   D:9 *   D:11 (   Orc:2 (!(=   Elf:3 !   Snake:2 [   Snake:4 *
Vaults:2 !   Vaults:3 [   Vaults:4 (   Depths:1 *

Portals:
Hell: Depths:1 Depths:2 Depths:3 Depths:4 Depths:5
Abyss: Depths:3 Depths:4
Pandemonium: Depths:1 Depths:3
Ziggurat: Depths:2

Annotations:
D:11 2 transporters, exclusion: ice statue, kd29's ghost, journeyman GrEE
Pan Gloorx Vloq


Innate Abilities, Weirdness & Mutations

You have a pair of horns on your head.
You reflexively headbutt those who attack you in melee.
You are mostly covered in large bone plates. (SH +6)
You are agile. (Dex +2)
Your flesh is cold resistant. (rC+)
You are weak. (Str -2)


Message History

The Executioner completely misses you. You block the Executioner's attack.
You closely miss Gloorx Vloq.
You headbutt Gloorx Vloq, but do no damage.
Gloorx Vloq is lightly wounded.
You barely miss the Executioner.
You hit the Executioner but do no damage.
You feel very sick.
Gloorx Vloq calls on the powers of darkness!
Your body is wracked with pain!
* * * LOW HITPOINT WARNING * * *
The Executioner gestures.
The Executioner seems to speed up.
The Executioner gestures.
The Executioner seems to speed up.
You carve Gloorx Vloq like a ham!!! You burn Gloorx Vloq!
Your headbutt misses Gloorx Vloq.
Gloorx Vloq is moderately wounded.
You slice the Executioner!! You burn the Executioner.
You slice the Executioner!! You burn the Executioner.
You feel sick.
You block the Executioner's attack. x2; The Executioner hits you.
* * * LOW HITPOINT WARNING * * *
Gloorx Vloq calls on the powers of darkness!
Your body is wracked with pain!
* * * LOW HITPOINT WARNING * * *
The Executioner gestures.
The Executioner seems to speed up.
You block the Executioner's attack. x2
The Executioner hits you but does no damage. x2
The Executioner barely misses you.
The Executioner hits you but does no damage.
Gloorx Vloq hits you!
* * * LOW HITPOINT WARNING * * *
Your gold dragon scales prevents you from hitting Gloorx Vloq.
You headbutt Gloorx Vloq!
Gloorx Vloq is moderately wounded.
You slash the Executioner! You chop the Executioner into pieces!!!
You burn the Executioner.
You kill the Executioner!
You closely miss the lorocyproca. You slash the Executioner!
You feel sick.
You block the Executioner's attack. x6; The Executioner hits you!
You die...

.......# #..............11....
.......# #..#####........#####.
.......# # ##............°...##
.......# #..#####.##.#####..#
.......# # #.##.....##.....# #
.......#.#.#.#.#.....####.....#
.......#...'...#...###.. ##...#
.......#.#.#....1&....φ. .....
...)...# #°.°#@1.###. ..#.
.......# #.#.#.2...# .#
.......# #.#.##.....# ##
.......# #.#.. ####.# ....=..#
#.##. .. .......# # . .......#
.......# ########


You could see Gloorx Vloq, a lorocyproca (invisible) and 2 Executioners.

Vanquished Creatures
  Cerebov (Pan)
  the Royal Jelly (Slime:5)
  Lom Lobon (Pan)
  Ignacio (Pan)
  3 dread liches
  An ancient lich (Abyss:1)
  5 juggernauts
  15 pandemonium lords (Pan)
  Bai Suzhen (Vaults:3)
  Saint Roka (Depths:1)
  10 caustic shrikes
  the Enchantress (Depths:1)
  A profane servitor (Abyss:1)
  Jory (Depths:5)
  6 golden dragons
  20 Tzitzimimeh (Pan)
  7 bone dragons
  A hellephant (Abyss:1)
  13 Brimstone Fiends (Pan)
  The ghost of contendunt the Acrobat, an adept MiFi of Okawaru (Swamp:4)
  Rupert (D:15)
  15 Ice Fiends (Pan)
  8 liches
  10 tentacled monstrosities
  2 deep elf blademasters (Elf:3)
  16 Hell Sentinels
  4 quicksilver dragons
  A deep elf master archer (Elf:3)
  8 titans
  42 Executioners
  22 acid blobs
  5 sphinxes
  The ghost of Bocughoh the Whirler, an adept HaHu of Okawaru (Depths:5)
  A kraken (Abyss:4)
  An ancient champion (Depths:2)
  22 tentacled starspawn
  2 thorn hunters
  8 shadow dragons
  3 storm dragons
  3 nagarajas
  11 azure jellies
  11 tengu reavers
  A draconian monk (Abyss:1)
  Donald (Swamp:2)
  2 revenants
  8 fire giants
  Aizul (Snake:3)
  17 rockslimes
  8 vault wardens
  5 iron dragons
  32 balrugs
  2 draconian knights
  10 deep elf sorcerers
  Louise (Snake:1)
  10 frost giants
  2 orc warlords
  37 cacodemons
  2 imperial myrmidons (Desolation)
  A draconian stormcaller (Depths:5)
  3 ghouls (Swamp:3)
  2 angels
  2 draconian shifters
  2 curse skulls (Pan)
  19 ironbound preservers
  5 deep elf elementalists
  14 warmongers (Pan)
  16 quicksilver oozes
  2 draconian annihilators (Pan)
  19 blood saints (Pan)
  20 very ugly things
  16 reapers
  3 war gargoyles
  24 stone giants
  Nessos (Lair:5)
  3 spriggan defenders (Depths:1)
  2 ophanim
  4 deep elf demonologists
  25 lorocyprocas
  5 vampire knights
  The ghost of Caath the Blocker, a journeyman DrFi of Okawaru (Lair:5)
  19 corrupters (Pan)
  A green draconian (Depths:5)
  24 black suns (Pan)
  3 dire elephants
  6 bunyips
  A minotaur (Gauntlet)
  An entropy weaver (Vaults:2)
  8 deep elf annihilators
  16 spark wasps
  2 black draconians (Depths:5)
  Azrael (D:13)
  2 red draconians
  3 eleionomae
  9 crystal guardians
  Snorg (D:13)
  14 yaktaur captains
  25 blizzard demons
  Josephine (D:10)
  13 ettins
  18 great orbs of eyes
  24 green deaths
  2 merfolk impalers (Depths:3)
  2 jiangshi (Depths:3)
  18 fire dragons
  5 ragged hierophants
  Erolcha (Orc:2)
  2 shambling mangroves
  12 servants of whispers (Desolation)
  11 peacekeepers
  15 rakshasas
  20 monstrous demonspawn (Pan)
  7 hell beasts
  5 boulder beetles
  4 ironbound thunderhulks
  13 naga warriors
  7 deep elf high priests
  6 spriggan air magi
  19 hydras
  26 vault guards
  Erica (D:8)
  13 ice dragons
  A ghost crab (Abyss:4)
  A catoblepas (D:13)
  10 ironbound frosthearts
  12 anacondas
  25 centaur warriors
  2 salamander tyrants (Snake:4)
  An ogre mage (D:14)
  13 deep troll shamans
  10 alligators
  14 two-headed ogres
  27 dancing weapons
  9 hell hogs
  8 deep troll earth magi
  5 death yaks
  12 naga sharpshooters
  44 thrashing horrors
  5 ironbound beastmasters
  4 vampire magi
  5 orc high priests (Orc:2)
  21 hell knights
  5 shock serpents
  8 spriggan berserkers
  9 tengu warriors
  Sonja (Lair:3)
  Nergalle (Lair:3)
  115 sun demons
  26 wretched stars
  20 spriggans
  16 iron trolls
  68 soul eaters
  16 deep elf knights
  3 goliath frogs
  55 sixfirhies
  4 titan skeletons
  6 shadow wraiths
  3 fire crabs
  4 salamander mystics
  A sea snake (shapeshifter) (Depths:5)
  3 death drakes
  22 torturous demonspawn (Pan)
  A spriggan druid (Swamp:3)
  17 infernal demonspawn (Pan)
  A skeletal warrior (D:13)
  19 wizards
  2 flayed ghosts
  5 naga ritualists
  9 glowing orange brains
  6 lindwurms
  10 spatial maelstroms
  20 gelid demonspawn (Pan)
  An orange crystal statue (Vaults:1)
  60 deep trolls
  A quicksilver dragon simulacrum (Abyss:5)
  12 shadow demons
  4 deep elf archers
  114 starcursed masses
  13 swamp dragons
  A golden dragon skeleton (Abyss:4)
  5 bog bodies
  An anaconda skeleton (Abyss:2)
  17 deep elf pyromancers
  2 wolf spider zombies
  11 necromancers
  Pikel (D:5)
  4 phantasmal warriors
  17 deep elf zephyrmancers
  14 mana vipers
  19 ironbound convokers
  13 orc knights
  2 stone giant zombies
  45 ugly things
  10 orc sorcerers
  A human zombie (Vaults:1)
  3 oklob plants (Lair:3)
  6 manticores
  2 frost giant zombies
  5 worldbinders
  8 will-o-the-wisps
  A shadow dragon skeleton (Pan)
  4 cyclopes
  6 shining eyes
  22 salamanders
  A frost giant skeleton (Vaults:3)
  An orb spider (shapeshifter) (Abyss:2)
  2 iron dragon skeletons
  13 guardian serpents
  An elephant (shapeshifter) (Abyss:3)
  13 rust devils
  A stone giant skeleton (Abyss:2)
  A guardian serpent (shapeshifter) (Depths:5)
  16 naga magi
  A faun (shapeshifter) (Abyss:4)
  A moth of wrath (shapeshifter) (Vaults:1)
  2 fire giant skeletons (Pan)
  99 smoke demons
  11 apocalypse crabs
  40 black mambas
  17 vault sentinels
  A gargoyle (D:12)
  13 cane toads
  A shock serpent skeleton (Pan)
  7 torpor snails
  An elf skeleton (Vaults:1)
  38 orange demons
  A black mamba (shapeshifter) (Abyss:2)
  2 storm dragon simulacra
  An eye of devastation (Slime:2)
  6 rime drakes
  9 hellions
  A rime drake (shapeshifter) (D:13)
  Maggie (D:7)
  4 kobold demonologists
  5 freezing wraiths
  6 unseen horrors
  25 ancient zymes
  10 tormentors
  13 efreet
  7 komodo dragons
  35 hellwings
  6 tengu conjurers
  58 demonic crawlers
  36 red devils
  2 anaconda simulacra
  27 yaktaurs
  8 ice devils
  A yaktaur skeleton (Vaults:1)
  A troll (shapeshifter) (Abyss:4)
  4 trolls
  10 meliai
  A bloated husk (Swamp:1)
  12 tyrant leeches
  2 polar bears
  57 saltlings
  A shadow dragon simulacrum (Abyss:3)
  A hydra zombie (Abyss:4)
  30 blink frogs
  24 hornets
  A hornet (shapeshifter) (D:14)
  2 harpy skeletons (Pan)
  A tyrant leech (shapeshifter) (Vaults:2)
  2 hydra skeletons (Pan)
  87 raiju
  8 dream sheep
  A dream sheep (shapeshifter) (Depths:4)
  113 slime creatures
  14 flying skulls
  90 ynoxinuls
  An air elemental (Elf:3)
  4 vampires
  A redback (Vaults:2)
  4 shadows
  11 wraiths
  11 water elementals
  A black mamba skeleton (Pan)
  A basilisk (shapeshifter) (D:13)
  48 yaks
  A fire bat (Abyss:1)
  10 golden eyes
  3 wyverns
  5 basilisks
  4 steam dragons
  5 fire elementals
  52 neqoxecs
  2 catoblepas simulacra (Lair:5)
  89 chaos spawn
  25 vampire mosquitoes
  16 spatial vortices
  Menkaure (D:7)
  13 wargs
  A warg (shapeshifter) (Abyss:5)
  155 large abominations
  A death yak simulacrum (Lair:5)
  18 swamp worms
  An acid dragon (D:12)
  54 nagas
  11 water moccasins
  10 hell hounds
  A floating eye (Slime:5)
  3 sky beasts
  3 black bears
  A floating eye (shapeshifter) (Abyss:1)
  7 ice beasts
  7 swamp drakes (Swamp:4)
  18 ogres
  53 orc warriors
  29 wolves
  A manticore skeleton (Pan)
  3 necrophages
  71 small abominations
  8 centaurs
  6 boggarts
  A snapping turtle skeleton (Pan)
  4 lemures (D:5)
  11 bullfrogs
  Blork the orc (D:4)
  12 kobold brigands
  4 earth elementals
  A scorpion (D:5)
  A water moccasin skeleton (D:6)
  An elephant simulacrum (Lair:5)
  A lindwurm simulacrum (Lair:5)
  A snapping turtle simulacrum (Abyss:2)
  5 killer bees (D:11)
  A human simulacrum (Vaults:3)
  10 wights
  A rime drake simulacrum (Lair:5)
  An electric eel (Lair:1)
  3 crimson imps (Abyss:2)
  3 howler monkeys
  A lava snake (Swamp:4)
  5 centaur zombies
  A bullfrog zombie (D:6)
  4 quasits
  A hound (D:4)
  A gnoll shaman (D:7)
  Crazy Yiuf (D:7)
  5 iron imps
  13 jellies
  41 orc priests
  A bullfrog skeleton (D:7)
  A centaur skeleton (D:6)
  3 iguanas
  Jessica (D:2)
  Ijyb (D:5)
  Terence (D:3)
  28 orc wizards
  20 gnolls
  6 adders
  2 shadow imps
  3 white imps
  16 ufetubi
  2 adder skeletons
  3 dart slugs
  122 orcs
  8 ball pythons
  11 endoplasms
  6 giant cockroaches
  8 goblins
  19 hobgoblins
  6 jackals
  23 kobolds
  5 quokkas
  13 bats
  5 frilled lizards
  24 rats
  A ball lightning (Pan)
  A fire vortex (Swamp:4)
  6 lurking horrors
  29 starspawn tentacles
  4 tentacles (Abyss:4)
4418 creatures vanquished.

Vanquished Creatures (collateral kills)
  A pandemonium lord (Pan)
  A Tzitzimitl (Pan)
  An Ice Fiend (Pan)
  A sphinx (Vaults:3)
  3 nagarajas
  A cacodemon (Pan)
  An orc warlord (Orc:2)
  A very ugly thing (Vaults:3)
  A warmonger (Pan)
  A corrupter (Pan)
  2 dire elephants (Vaults:3)
  A hydra (D:13)
  3 rakshasas
  3 naga warriors (Snake:4)
  2 boulder beetles
  A catoblepas (Lair:6)
  2 salamander tyrants (Snake:4)
  An anaconda (Snake:4)
  A centaur warrior (Vaults:3)
  A naga sharpshooter (Snake:4)
  A spriggan berserker (Swamp:1)
  A hell hog (Abyss:5)
  A shock serpent (Snake:4)
  A sun demon (Pan)
  A wretched star (Abyss:5)
  A large abomination (Pan)
  A fire crab (Swamp:4)
  A naga ritualist (Snake:4)
  A deep elf archer (Elf:2)
  An infernal demonspawn (Pan)
  A glowing orange brain (D:13)
  A necromancer (Vaults:3)
  3 deep elf zephyrmancers (Elf:2)
  An ugly thing (Vaults:3)
  7 deep elf pyromancers
  A cyclops (D:13)
  An oklob plant (Lair:3)
  A will-o-the-wisp (Swamp:1)
  A guardian serpent (Snake:3)
  5 naga magi
  A smoke demon (Pan)
  An orange demon (Pan)
  2 gargoyles (D:13)
  A komodo dragon (D:11)
  An ancient zyme (Abyss:5)
  A polar bear (Lair:3)
  3 slime creatures
  A ynoxinul (Pan)
  5 yaks (Lair:6)
  A chaos spawn (Pan)
  A neqoxec (Abyss:5)
  2 fire elementals (D:13)
  A vampire mosquito (D:13)
  7 nagas (Snake:4)
  A water moccasin (Lair:6)
  8 starcursed masses (Abyss:5)
  An orc wizard (Orc:2)
  3 orcs
102 creatures vanquished.

Vanquished Creatures (others)
  A blizzard demon (Pan)
  A ghost crab (Swamp:4)
  A spriggan air mage (Swamp:4)
  A hell hog (Abyss:1)
  A deep elf knight (Elf:2)
  A soul eater (Pan)
  A sun demon (Pan)
  A naga ritualist (Snake:3)
  A swamp dragon (Swamp:4)
  A lindwurm (Swamp:4)
  A deep elf archer (Elf:2)
  2 deep elf zephyrmancers
  An ugly thing (Vaults:3)
  An orc sorcerer (Abyss:3)
  A hornet (Depths:3)
  A blink frog (Lair:5)
  A flying skull (Abyss:2)
  A spriggan (Swamp:4)
  3 ynoxinuls (Pan)
  2 basilisks (D:13)
  3 chaos spawn (Pan)
  A steam dragon (Swamp:4)
  A vampire mosquito (D:13)
  A hell hound (Abyss:3)
  2 large abominations (Pan)
  2 swamp drakes (Swamp:4)
  2 small abominations (Abyss:3)
  6 ball lightnings (Pan)
  2 briar patches (Pan)
  A bush (Abyss:1)
  6 demonic plants
  40 foxfires
  22 fungi
  3 lurking horrors
  55 plants
  27 starspawn tentacles
  A tentacle (Abyss:4)
  A withered plant (Desolation)
200 creatures vanquished.

Grand Total: 4720 creatures vanquished

Notes
Turn   | Place    | Note
-------+----------+-------------------------------------------
     0 | D:1      | robertstho the Minotaur Berserker began the quest for the
                  | Orb.
     0 | D:1      | Reached XP level 1. HP: 19/19 MP: 0/0
   269 | D:1      | Reached XP level 2. HP: 23/27 MP: 1/1
   468 | D:1      | Reached ** piety under Trog
   716 | D:1      | Reached XP level 3. HP: 32/34 MP: 2/2
   857 | D:2      | Noticed Jessica
   859 | D:2      | Killed Jessica
  1090 | D:2      | Reached XP level 4. HP: 38/41 MP: 3/3
  1140 | D:2      | Found a shimmering blue altar of Sif Muna.
  1234 | D:2      | Found a faded altar of an unknown god.
  1254 | D:2      | Reached skill level 5 in Fighting
  1437 | D:2      | Reached XP level 5. HP: 45/48 MP: 4/4
  1906 | D:3      | Noticed Terence
  1910 | D:3      | Killed Terence
  1911 | D:3      | Reached skill level 5 in Axes
  1911 | D:3      | Reached skill level 1 in Shields
  1962 | D:3      | Found an opulent altar of Gozag.
  2998 | D:4      | Noticed an ogre
  3006 | D:4      | Killed an ogre
  3007 | D:4      | Reached XP level 6. HP: 50/56 MP: 5/5
  3194 | D:4      | Found a hide-covered altar of Uskayaw.
  3197 | D:4      | Found an iron altar of Okawaru.
  3215 | D:4      | Reached *** piety under Trog
  3228 | D:4      | Found a staircase to the Ecumenical Temple.
  3353 | D:4      | Noticed Blork the orc
  3366 | D:4      | Killed Blork the orc
  3367 | D:4      | Reached skill level 5 in Armour
  3652 | D:4      | Reached XP level 7. HP: 45/62 MP: 6/6
  3946 | D:5      | Entered Level 5 of the Dungeon
  3946 | D:5      | Noticed Ijyb
  3950 | D:5      | Killed Ijyb
  4060 | D:5      | Noticed Pikel
  4069 | D:5      | Killed Pikel
  4070 | D:5      | Reached XP level 8. HP: 71/71 MP: 7/7
  4394 | D:5      | Found Lajacwubb's Assorted Antiques.
  4402 | D:5      | Bought a fuming black potion for 20 gold pieces
  4402 | D:5      | Bought a scroll labelled CUEKEF XUHIAPPEL for 23 gold
                  | pieces
  4418 | D:5      | Found Qurchyets's Assorted Antiques.
  4508 | D:5      | Found a blossoming altar of Fedhas.
  4509 | D:5      | Bought a tubular gilded ring for 110 gold pieces
  4509 | D:5      | Bought a scroll labelled ZOOLLA QAAVUCI for 22 gold pieces
  4536 | D:5      | Found Qieh's Weapon Shop.
  4860 | D:6      | Found a glowing drain.
  4879 | D:6      | Reached **** piety under Trog
  4882 | Sewer    | Entered a sewer
  5171 | D:6      | Noticed a two-headed ogre
  5182 | D:6      | Killed a two-headed ogre
  5183 | D:6      | Reached XP level 9. HP: 80/80 MP: 8/8
  5187 | D:6      | Identified the -4 pair of gloves of the Little Devil {rCorr
                  | Str-3 Int+2}
  5363 | D:6      | Reached skill level 10 in Armour
  5917 | D:7      | Noticed Maggie
  5931 | D:7      | Killed Maggie
  5946 | D:7      | Reached skill level 10 in Axes
  6184 | D:7      | Identified the +4 scale mail of Hubris {*Slow rElec Regen+}
  6231 | D:7      | Reached XP level 10. HP: 90/90 MP: 9/9
  6276 | D:7      | Found a runed translucent door.
  6277 | D:7      | Noticed Crazy Yiuf
  6396 | D:7      | Found a shadowy altar of Dithmenos.
  6620 | D:7      | Noticed Menkaure
  6625 | D:7      | Killed Menkaure
  6818 | D:7      | Killed Crazy Yiuf
  6822 | D:7      | Identified the +5 mace "Sodewebi" {drain, rC+ Dex+3}
  6951 | D:8      | Reached skill level 5 in Shields
  7012 | D:8      | Found a flagged portal.
  7100 | Bailey   | Entered a bailey
  7106 | Bailey   | Reached ***** piety under Trog
  7219 | Bailey   | Noticed an orc knight
  7234 | Bailey   | Killed an orc knight
  7413 | D:8      | Found a staircase to the Lair.
  7488 | D:8      | Noticed Erica
  7516 | D:8      | Killed Erica
  7652 | D:9      | Reached skill level 10 in Fighting
  7731 | D:9      | Found Amoelu's General Store.
  7739 | D:9      | Bought a scroll of identify for 28 gold pieces
  7739 | D:9      | Bought a potion of curing for 42 gold pieces
  7739 | D:9      | Bought a potion of invisibility for 112 gold pieces
  8017 | D:9      | Found a basalt altar of Yredelemnul.
  8017 | D:9      | Found a broken altar of Ashenzari.
  8050 | D:9      | Received a gift from Trog
  8242 | D:10     | Entered Level 10 of the Dungeon
  8298 | D:10     | Noticed Josephine
  8310 | D:10     | Reached XP level 11. HP: 77/100 MP: 3/10
  8313 | D:10     | Killed Josephine
  8701 | D:10     | Found a bloodstained altar of Trog.
  9285 | D:11     | Noticed a two-headed ogre
  9293 | D:11     | Killed a two-headed ogre
  9448 | D:11     | Noticed a six-headed hydra
  9454 | D:11     | Killed a six-headed hydra
  9513 | D:11     | Reached skill level 1 in Long Blades
  9671 | D:11     | Found Tomio's Antique Weapon Shop.
  9767 | D:11     | Noticed a purple ugly thing
  9772 | D:11     | Noticed kd29's ghost (journeyman GrEE)
  9803 | D:11     | Found a transporter.
  9864 | D:11     | Found a transporter.
 10377 | D:12     | Noticed a two-headed ogre
 10386 | D:12     | Killed a two-headed ogre
 10387 | D:12     | Reached XP level 12. HP: 82/112 MP: 3/11
 10591 | D:12     | Noticed a boulder beetle
 10619 | D:12     | Killed a boulder beetle
 10895 | D:12     | Found a staircase to the Orcish Mines.
 11167 | Lair:1   | Entered Level 1 of the Lair of Beasts
 11306 | Lair:1   | Reached skill level 5 in Dodging
 11323 | Lair:1   | Reached XP level 13. HP: 116/122 MP: 4/12
 11618 | Lair:1   | Received a gift from Trog
 12826 | Lair:2   | Reached skill level 15 in Axes
 12999 | Lair:3   | Noticed Nergalle
 13023 | Lair:3   | Killed Nergalle
 13108 | Lair:3   | Noticed Sonja
 13118 | Lair:3   | Killed Sonja
 13177 | Lair:3   | Reached XP level 14. HP: 100/122 MP: 4/13
 13809 | Lair:3   | Found a staircase to the Swamp.
 13990 | Lair:3   | Found a staircase to the Snake Pit.
 15126 | Lair:5   | Identified the +1 ring mail "Menaithrestre" {rElec Int+4
                  | Stlth+}
 15131 | Lair:5   | Noticed Nessos
 15140 | Lair:5   | Reached skill level 15 in Fighting
 15149 | Lair:5   | Killed Nessos
 15150 | Lair:5   | Reached skill level 15 in Armour
 15463 | Lair:5   | Identified the +1 robe of the Swamp {+Blink rElec Int+3
                  | Dex+3}
 15573 | Lair:5   | Found a runed translucent gate.
 15574 | Lair:5   | Found a runed translucent gate.
 15643 | Lair:5   | Found a runed translucent gate.
 15678 | Lair:5   | Noticed Caath's ghost (journeyman DrFi)
 15867 | Lair:5   | Killed Caath's ghost
 15973 | Lair:6   | Entered Level 6 of the Lair of Beasts
 15989 | Lair:6   | Received a gift from Trog
 16162 | Lair:6   | Found a gate leading to a gauntlet.
 16171 | Gauntlet | Entered a Gauntlet
 16171 | Gauntlet | Found a transporter.
 16171 | Gauntlet | Found a transporter.
 16179 | Gauntlet | Found a transporter.
 16182 | Gauntlet | Found a transporter.
 16182 | Gauntlet | Found a transporter.
 16182 | Gauntlet | Found a transporter.
 16192 | Gauntlet | Found a transporter.
 16196 | Gauntlet | Found a transporter.
 16212 | Gauntlet | Found a transporter.
 16212 | Gauntlet | Found a transporter.
 16231 | Gauntlet | Found a transporter.
 16235 | Gauntlet | Found a transporter.
 16604 | Gauntlet | Identified the +0 pair of gloves of Duck's Teeth {Int+3}
 16745 | Gauntlet | Identified the +1 chain mail of Ethics {Harm rC+ Will++
                  | Slay-5}
 16759 | Gauntlet | Found the -2 hat of the Alchemist {rElec rPois rF+ rC+ rN+
                  | Will+ rMut rCorr}
 16763 | Gauntlet | Identified the ring of Ennor {rF+ rN+ Str+3 Slay-4 SInv}
 16763 | Gauntlet | Identified the +3 leather armour of the Moon Troll {Fly
                  | rF+}
 16912 | Lair:6   | Found a staircase to the Slime Pits.
 17181 | Lair:6   | Reached XP level 15. HP: 143/143 MP: 4/14
 17267 | Lair:6   | Found a runed translucent door.
 17461 | Lair:6   | Paralysed by a hornet for 1 turns
 17511 | Lair:6   | Identified the +5 ring mail of the Moneychanger {Will+}
 18272 | Orc:1    | Entered Level 1 of the Orcish Mines
 18368 | D:12     | Identified 2 scrolls of acquirement
 18373 | D:12     | Acquired a +0 pair of gloves of strength
 18385 | D:12     | Acquired a +2 crystal plate armour
 18423 | D:13     | Received a gift from Trog
 18561 | D:13     | Reached skill level 10 in Shields
 18723 | D:13     | Noticed Snorg
 18736 | D:13     | Killed Snorg
 19048 | D:13     | Noticed Azrael
 19096 | D:13     | Killed Azrael
 19116 | D:13     | Received a gift from Trog
 19238 | D:13     | Identified the +0 chain mail of Tiguimos {*Slow Int+8
                  | Dex+7}
 19244 | D:13     | Identified the amulet of Picel {Spirit Str+4}
 19442 | D:13     | Found a gate to the Vaults.
 20682 | D:14     | Reached XP level 16. HP: 154/154 MP: 15/15
 20705 | D:14     | Received a gift from Trog
 21360 | D:15     | Entered Level 15 of the Dungeon
 21653 | D:15     | Noticed Rupert
 21665 | D:15     | Killed Rupert
 21983 | D:15     | Found a staircase to the Depths.
 22970 | Orc:2    | Entered Level 2 of the Orcish Mines
 23214 | Orc:2    | Received a gift from Trog
 23363 | Orc:2    | Found Saxuzym's Distillery.
 23417 | Orc:2    | Bought a potion of lignification for 42 gold pieces
 23423 | Orc:2    | Found Sivvorae's Weapon Shoppe.
 24517 | Orc:2    | Found Cooracaot's Antique Weapon Shoppe.
 24601 | Orc:2    | Found Dyic's Jewellery Shop.
 24859 | Orc:2    | Received a gift from Trog
 24912 | Orc:2    | Found a staircase to the Elven Halls.
 24969 | Orc:2    | Identified the ring of Kagach {rN+ Will+}
 25062 | Orc:2    | Noticed Erolcha
 25065 | Orc:2    | Killed Erolcha
 25254 | Orc:1    | Reached ****** piety under Trog
 25624 | Snake:1  | Entered Level 1 of the Snake Pit
 25756 | Snake:1  | Noticed Louise
 25775 | Snake:1  | Killed Louise
 27343 | Snake:2  | Received a gift from Trog
 27447 | Snake:2  | Reached XP level 17. HP: 155/166 MP: 16/16
 27561 | Snake:2  | Found Zecegaff's Book Boutique.
 27751 | Snake:2  | Found Waoc Zuc's Armour Shop.
 29126 | Snake:3  | Received a gift from Trog
 29520 | Snake:3  | Noticed Aizul
 29527 | Snake:3  | Killed Aizul
 30440 | Snake:3  | Identified the +0 leather armour of Feogioff {Harm Str-4
                  | Dex+4}
 30537 | Snake:4  | Entered Level 4 of the Snake Pit
 30933 | Snake:4  | Found Loaseg's Assorted Antiques.
 30959 | Snake:4  | Bought a smoky silvery potion for 36 gold pieces
 30959 | Snake:4  | Bought a pair of embroidered boots for 307 gold pieces
 31013 | Snake:4  | Reached skill level 15 in Shields
 31037 | Snake:4  | Received a gift from Trog
 31840 | Snake:4  | Identified the +9 flail "Hifaigamm" {drain, +Rage Will+
                  | Str+4 Dex+3}
 31854 | Snake:4  | Reached XP level 18. HP: 176/176 MP: 17/17
 32432 | Snake:4  | Got a serpentine rune of Zot
 32616 | Swamp:1  | Entered Level 1 of the Swamp
 33390 | Swamp:2  | Noticed Donald
 33411 | Swamp:2  | Killed Donald
 34110 | Swamp:2  | Found a glowing silver altar of Zin.
 34128 | Swamp:2  | Received a gift from Trog
 35055 | Swamp:3  | Noticed a tentacled monstrosity
 35068 | Swamp:3  | Killed a tentacled monstrosity
 35720 | Swamp:4  | Entered Level 4 of the Swamp
 35720 | Swamp:4  | Found a transporter.
 35818 | Swamp:4  | Noticed contendunt's ghost (adept MiFi)
 35819 | Swamp:4  | Noticed a tentacled monstrosity
 35823 | Swamp:4  | Found a transporter.
 35974 | Swamp:4  | Received a gift from Trog
 36215 | Swamp:4  | Reached XP level 19. HP: 138/187 MP: 18/18
 37003 | Swamp:4  | Got a decaying rune of Zot
 37145 | Swamp:4  | Killed contendunt's ghost
 37162 | Swamp:4  | Reached XP level 20. HP: 128/198 MP: 19/19
 37628 | Elf:1    | Entered Level 1 of the Elven Halls
 37985 | Elf:1    | You fall into a shaft and drop 1 floor!
 38022 | Elf:2    | Identified the +11 long sword "Nineothoosa" {flame, rC++
                  | rCorr Int-5 Dex+10} (Trog gifted it to you on level 2 of
                  | the Elven Halls)
 38022 | Elf:2    | Received a gift from Trog
 38088 | Elf:2    | Found a huge runed translucent gate.
 38088 | Elf:2    | Found a huge runed translucent gate.
 38089 | Elf:2    | Found a huge runed translucent gate.
 38090 | Elf:2    | Found a huge runed translucent gate.
 38091 | Elf:2    | Found a huge runed translucent gate.
 38210 | Elf:2    | Found a ruined gateway.
 38214 | Desolati | Entered the Desolation of Salt
 38821 | Desolati | Identified the Grimoire of the Supportive Voyage
 38823 | Desolati | Identified the amulet "Eneu" {Regen+ Slay+2}
 38853 | Desolati | Identified the ring "Qit Jun" {rC+ EV+4 Str+6 Dex-2 SInv}
 39493 | Desolati | Received a gift from Trog
 39935 | Desolati | Identified the +9 glaive of the Shining Light {vorpal,
                  | rPois}
 39944 | Desolati | Identified the +2 scimitar of Xiasued {protect, Str+5}
 40167 | Desolati | Identified the ring of Vuxohofo {*Slow rF+ rN+ Int+9}
 40923 | Elf:2    | Cast into level 3 of the Abyss (+2 halberd of distortion)
 40928 | Abyss:3  | Found a corrupted altar of Lugonu.
 40956 | Abyss:3  | Found a corrupted altar of Lugonu.
 41197 | Abyss:3  | Received a gift from Trog
 41266 | Abyss:3  | Paralysed by a great orb of eyes for 2 turns
 41272 | Abyss:3  | Reached XP level 21. HP: 181/207 MP: 12/20
 41283 | Elf:2    | Escaped the Abyss
 42307 | Elf:3    | Entered Level 3 of the Elven Halls
 42371 | Elf:3    | Found Xues's Distillery.
 42379 | Elf:3    | Bought a potion of heal wounds for 100 gold pieces
 43078 | Elf:3    | Received a gift from Trog
 43355 | Elf:3    | Cast into level 2 of the Abyss (a deep elf sorcerer)
 43355 | Abyss:2  | Found a corrupted altar of Lugonu.
 43461 | Elf:3    | Escaped the Abyss
 43504 | Elf:3    | Identified the +7 chain mail of Guuwissux {Harm rN+ rCorr}
 43504 | Elf:3    | Identified the +11 hand axe of Disharmony {freeze, +Rage}
 43524 | Elf:3    | Identified the +8 plate armour of Otieke {rElec rC+}
 43528 | Elf:3    | Identified the +5 whip of Action {antimagic, *Rage rC++
                  | SInv}
 43534 | Elf:3    | Identified the +5 chain mail of a sewer {rPois}
 44016 | Vaults:1 | Entered Level 1 of the Vaults
 45027 | Vaults:1 | Received a gift from Trog
 46071 | Vaults:2 | Reached XP level 22. HP: 220/220 MP: 7/21
 46307 | Vaults:2 | Found Reufrem's Distillery.
 46315 | Vaults:2 | Bought 2 potions of invisibility for 240 gold pieces
 46315 | Vaults:2 | Bought a potion of heal wounds for 75 gold pieces
 47514 | Vaults:3 | Received a gift from Trog
 47806 | Vaults:3 | Found a staircase to the Crypt.
 48099 | Vaults:3 | Received a gift from Trog
 48107 | Vaults:3 | Noticed Bai Suzhen
 48136 | Vaults:3 | Killed Bai Suzhen
 48195 | Vaults:3 | Found Omox's Antique Armour Emporium.
 48967 | Vaults:4 | Reached XP level 23. HP: 232/232 MP: 5/22
 49268 | Vaults:4 | Received a gift from Trog
 49996 | Vaults:3 | Identified the +0 pair of gloves "Xyampig" {-Tele Will+
                  | Int+2}
 50170 | Vaults:4 | Found Hainoh's Weapon Emporium.
 50450 | Vaults:5 | Entered Level 5 of the Vaults
 50833 | Vaults:4 | Received a gift from Trog
 50851 | Vaults:5 | Noticed a dread lich
 50910 | Vaults:4 | Killed a dread lich
 51845 | Vaults:5 | Received a gift from Trog
 52156 | Vaults:4 | Reached XP level 24. HP: 186/245 MP: 7/22
 53666 | Vaults:5 | Got a silver rune of Zot
 54487 | Depths:1 | Entered Level 1 of the Depths
 54491 | Depths:1 | Noticed the Enchantress
 54531 | Depths:1 | Received a gift from Trog
 54648 | Depths:1 | Killed the Enchantress
 55307 | Depths:1 | Found Juselank's Assorted Antiques.
 55315 | Depths:1 | Bought a faintly glowing crystal amulet for 230 gold pieces
 55315 | Depths:1 | Identified the amulet of the Queen {Spirit rElec rC+ Will+}
                  | (You bought it in a shop on level 1 of the Depths)
 55515 | Depths:1 | Noticed Saint Roka
 55542 | Depths:1 | Killed Saint Roka
 55613 | Depths:1 | Found a gateway to Hell.
 55696 | Depths:1 | Found a one-way gate leading to the halls of Pandemonium.
 56220 | Depths:2 | Received a gift from Trog
 56388 | Depths:2 | Found a gateway to a ziggurat.
 56802 | Depths:2 | Found a viscous altar of Jiyva.
 56950 | Depths:2 | Reached XP level 25. HP: 255/255 MP: 7/22
 57063 | Depths:2 | Reached skill level 27 in Fighting
 57182 | Depths:2 | Identified the ring "Pogosmets" {EV+4 Int+4}
 57193 | Depths:2 | Received a gift from Trog
 57929 | Depths:3 | Received a gift from Trog
 57993 | Depths:3 | Found a one-way gate to the infinite horrors of the Abyss.
 58025 | Depths:3 | Identified the +1 plate armour of the Planets {Regen+ MP-9
                  | Dex+7}
 59655 | Depths:4 | Noticed a juggernaut
 59670 | Depths:4 | Killed a juggernaut
 59747 | Depths:4 | Noticed a juggernaut
 59758 | Depths:4 | Killed a juggernaut
 59759 | Depths:4 | Reached XP level 26. HP: 245/266 MP: 7/22
 59838 | Depths:4 | Received a gift from Trog
 59855 | Depths:4 | Noticed a juggernaut
 59861 | Depths:4 | Killed a juggernaut
 60984 | Depths:5 | Entered Level 5 of the Depths
 61041 | Depths:5 | Noticed Jory
 61043 | Depths:5 | Noticed a juggernaut
 61058 | Depths:5 | Killed Jory
 61064 | Depths:5 | Killed a juggernaut
 61065 | Depths:5 | Reached skill level 27 in Shields
 61479 | Depths:5 | Found a runed translucent door.
 61480 | Depths:5 | Found a shimmering altar of Xom.
 61480 | Depths:5 | Noticed Bocughoh's ghost (adept HaHu)
 61599 | Depths:5 | Received a gift from Trog
 61608 | Depths:5 | Found a gate to the Realm of Zot.
 61935 | Depths:5 | Noticed a juggernaut
 61938 | Depths:5 | Reached skill level 27 in Axes
 61946 | Depths:5 | Killed a juggernaut
 62264 | Depths:5 | Killed Bocughoh's ghost
 62267 | Depths:5 | Identified the amulet "Teqic" {Faith rN+ rCorr Dex+3}
 62703 | Snake:4  | Bought a scroll of enchant armour for 307 gold pieces
 62934 | D:5      | Bought a pair of embroidered boots for 165 gold pieces
 63124 | Slime:1  | Entered Level 1 of the Pits of Slime
 63448 | Slime:2  | Reached XP level 27. HP: 260/273 MP: 7/22
 63766 | Slime:4  | Received a gift from Trog
 63914 | Slime:5  | Entered Level 5 of the Pits of Slime
 64004 | Slime:5  | Noticed the Royal Jelly
 64017 | Slime:5  | Killed the Royal Jelly
 64042 | Slime:5  | Gained mutation: Your magical capacity is low. (-10% MP) [a
                  | shining eye]
 64047 | Slime:5  | Gained mutation: You are frail. (-10% HP) [a shining eye]
 64114 | Slime:5  | Reached skill level 27 in Armour
 64265 | Slime:5  | Identified the ring of the Turtledove {Fire *Corrode Dex+3
                  | SInv}
 64268 | Slime:5  | Got a slimy rune of Zot
 64326 | Slime:5  | Identified the +0 kite shield of the Other Side {Drain
                  | Str+2 Dex+2 Stlth+}
 64364 | Slime:5  | Identified the +12 war axe of Imemuwu {elec, rElec rPois
                  | rF+}
 64692 | Slime:4  | Gained mutation: You are covered in fur. (AC +1) [a shining
                  | eye]
 64711 | Slime:4  | Reached skill level 1 in Slings
 64837 | Slime:4  | Received a gift from Trog
 64838 | Slime:4  | Reached skill level 1 in Staves
 64848 | Slime:4  | Reached skill level 1 in Crossbows
 65082 | Slime:3  | Reached skill level 1 in Short Blades
 65083 | Slime:3  | Reached skill level 1 in Throwing
 65086 | Slime:3  | Reached skill level 1 in Maces & Flails
 65086 | Slime:3  | Reached skill level 1 in Polearms
 65086 | Slime:3  | Reached skill level 1 in Bows
 65090 | Slime:3  | Reached skill level 1 in Unarmed Combat
 65093 | Slime:3  | Reached skill level 1 in Invocations
 65964 | Depths:3 | Voluntarily entered the Abyss.
 66092 | Abyss:1  | Noticed a dread lich
 66095 | Abyss:1  | Paralysed by a dread lich for 4 turns
 66104 | Abyss:1  | Killed a dread lich
 66176 | Abyss:1  | Reached skill level 5 in Long Blades
 66456 | Abyss:1  | Noticed a dread lich
 66461 | Abyss:1  | Killed a dread lich
 66781 | Abyss:1  | Received a gift from Trog
 66916 | Abyss:1  | Noticed an ancient lich
 66924 | Abyss:1  | Killed an ancient lich
 67024 | Abyss:1  | Reached skill level 5 in Evocations
 67312 | Abyss:2  | Found a corrupted altar of Lugonu.
 67591 | Abyss:2  | Reached skill level 10 in Dodging
 67890 | Abyss:2  | Received a gift from Trog
 68400 | Abyss:2  | Gained mutation: Your muscles are strong. (Str +2) [a
                  | neqoxec]
 68468 | Abyss:2  | Received a gift from Trog
 68538 | Abyss:2  | Paralysed by accursed screaming for 1 turns
 68540 | Abyss:2  | Paralysed by accursed screaming for 2 turns
 68545 | Abyss:2  | Paralysed by accursed screaming for 1 turns
 68552 | Abyss:2  | Lost mutation: Your muscles are strong. (Str +2) [a
                  | neqoxec]
 68857 | Abyss:2  | Received a gift from Trog
 68880 | Abyss:2  | Paralysed by accursed screaming for 1 turns
 69218 | Abyss:2  | Found a corrupted altar of Lugonu.
 69289 | Abyss:2  | Found a corrupted altar of Lugonu.
 69588 | Abyss:2  | Received a gift from Trog
 69757 | Abyss:3  | Found a corrupted altar of Lugonu.
 69807 | Abyss:3  | Found a corrupted altar of Lugonu.
 70086 | Abyss:3  | Reached skill level 10 in Evocations
 70096 | Abyss:3  | Received a gift from Trog
 70576 | Abyss:5  | Entered Level 5 of the Abyss
 70620 | Abyss:5  | Paralysed by accursed screaming for 1 turns
 70630 | Abyss:5  | Paralysed by accursed screaming for 2 turns
 70634 | Abyss:5  | Received a gift from Trog
 70657 | Abyss:5  | Identified the +5 falchion of the Establishment {elec,
                  | +Blink Str+7}
 70817 | Abyss:5  | Paralysed by accursed screaming for 1 turns
 70823 | Abyss:5  | Paralysed by accursed screaming for 2 turns
 70829 | Abyss:5  | Paralysed by accursed screaming for 2 turns
 70840 | Abyss:5  | HP: 14/367 [starcursed mass/accursed screaming (8)]
 70856 | Abyss:5  | Lost mutation: Your magical capacity is low. (-10% MP)
                  | [potion of mutation]
 70856 | Abyss:5  | Lost mutation: You are covered in fur. (AC +1) [potion of
                  | mutation]
 70856 | Abyss:5  | Lost mutation: You are frail. (-10% HP) [potion of
                  | mutation]
 70856 | Abyss:5  | Gained mutation: Your magical capacity is low. (-10% MP)
                  | [potion of mutation]
 70856 | Abyss:5  | Gained mutation: You are weak. (Str -2) [potion of
                  | mutation]
 70881 | Abyss:5  | Lost mutation: You are weak. (Str -2) [potion of mutation]
 70881 | Abyss:5  | Lost mutation: Your magical capacity is low. (-10% MP)
                  | [potion of mutation]
 70881 | Abyss:5  | Gained mutation: Your flesh is cold resistant. (rC+)
                  | [potion of mutation]
 70881 | Abyss:5  | Gained mutation: Your natural rate of healing is unusually
                  | fast. [potion of mutation]
 70949 | Depths:3 | Escaped the Abyss
 70989 | Depths:3 | Voluntarily entered the Abyss.
 71036 | Abyss:1  | Received a gift from Trog
 71102 | Abyss:1  | Reached skill level 15 in Dodging
 71188 | Abyss:1  | Paralysed by a floating eye for 4 turns
 71494 | Abyss:3  | Found a corrupted altar of Lugonu.
 71987 | Abyss:3  | Found a corrupted altar of Lugonu.
 72023 | Abyss:3  | Received a gift from Trog
 72048 | Abyss:3  | Lost intelligence.
 72316 | Abyss:3  | Gained mutation: Your mind is acute. (Int +2) [a neqoxec]
 72327 | Abyss:4  | Found a stormy altar of Qazlal.
 72339 | Abyss:4  | Received a gift from Trog
 72738 | Abyss:4  | Received a gift from Trog
 72904 | Abyss:4  | Reached skill level 5 in Maces & Flails
 73010 | Abyss:4  | Got an abyssal rune of Zot
 73126 | Depths:3 | Escaped the Abyss
 73259 | Depths:1 | Bought a potion of heal wounds for 230 gold pieces
 73259 | Depths:1 | Bought a scroll of blinking for 345 gold pieces
 73507 | Pan      | Entered Pandemonium
 73507 | Pan      | Found a transporter.
 73520 | Pan      | Found a transporter.
 73532 | Pan      | Received a gift from Trog
 73895 | Pan      | Found a transporter.
 73923 | Pan      | Found a transporter.
 73923 | Pan      | Found a transporter.
 73996 | Pan      | Lost mutation: Your natural rate of healing is unusually
                  | fast. [a cacodemon]
 74067 | Pan      | Identified the amulet of Qoagonwi {rElec Regen+}
 74089 | Pan      | Identified the +3 helmet "Zupicr Nahut" {Contam Regen+
                  | Str+4 SInv}
 74619 | Pan      | Noticed Opuann the pandemonium lord
 74634 | Pan      | Killed Opuann the pandemonium lord
 74799 | Pan      | Received a gift from Trog
 75302 | Pan      | Gained mutation: Your magical capacity is low. (-10% MP) [a
                  | neqoxec]
 75403 | Pan      | Entered the realm of Lom Lobon.
 75410 | Pan      | Reached skill level 15 in Evocations
 75591 | Pan      | Noticed Lom Lobon
 75621 | Pan      | Killed Lom Lobon
 75622 | Pan      | Reached skill level 5 in Polearms
 75628 | Pan      | Got a magical rune of Zot
 76040 | Pan      | Received a gift from Trog
 76541 | Pan      | Identified the +6 dagger of Sin {flame, Str+5 Dex+5 Stlth-}
 77280 | Pan      | Received a gift from Trog
 77280 | Pan      | Noticed Dathruun the pandemonium lord
 77290 | Pan      | Killed Dathruun the pandemonium lord
 77777 | Pan      | Reached skill level 5 in Short Blades
 78003 | Pan      | Noticed Nudoplyrho the pandemonium lord
 78054 | Pan      | Killed Nudoplyrho the pandemonium lord
 78096 | Pan      | Received a gift from Trog
 79732 | Pan      | Received a gift from Trog
 79755 | Pan      | Identified Sif Muna's Catalogue of Bewitchment
 79768 | Pan      | Noticed Jotaurr the pandemonium lord
 79784 | Pan      | Killed Jotaurr the pandemonium lord
 80198 | Pan      | Identified the ring "Mask" {Fly Int+3}
 80208 | Pan      | Found an exit through the horrors of the Abyss.
 80268 | Pan      | Noticed Notzuh the pandemonium lord
 80285 | Pan      | Killed Notzuh the pandemonium lord
 81203 | Pan      | Found a huge runed translucent gate.
 81366 | Pan      | Identified the +1 mace of Execution {vorpal, rC+ rN+ Str+3}
                  | (Trog gifted it to you in Pandemonium)
 81366 | Pan      | Received a gift from Trog
 81488 | Pan      | Found an exit through the horrors of the Abyss.
 81523 | Pan      | Found a huge runed translucent gate.
 81786 | Pan      | Found a huge runed translucent gate.
 81786 | Pan      | Found a huge runed translucent gate.
 81786 | Pan      | Found a huge runed translucent gate.
 81786 | Pan      | Found a huge runed translucent gate.
 81796 | Pan      | Found a huge runed translucent gate.
 81826 | Pan      | Noticed Diuquf the pandemonium lord
 81860 | Pan      | Killed Diuquf the pandemonium lord
 83210 | Pan      | Received a gift from Trog
 83221 | Pan      | Found an exit through the horrors of the Abyss.
 83448 | Pan      | Noticed Kischo the pandemonium lord
 83457 | Pan      | Got a demonic rune of Zot
 84232 | Pan      | Killed Kischo the pandemonium lord
 84549 | Pan      | Gained mutation: You are partially covered in large bone
                  | plates. (SH +4) [a neqoxec]
 84561 | Pan      | Gained mutation: You occasionally shout uncontrollably at
                  | your foes. [a neqoxec]
 85109 | Pan      | Identified the +6 broad axe of Distant Worlds {vorpal,
                  | Contam rElec Str+7 SInv} (Trog gifted it to you in
                  | Pandemonium)
 85109 | Pan      | Received a gift from Trog
 87145 | Pan      | Found an exit through the horrors of the Abyss.
 87609 | Pan      | Noticed Fequm the pandemonium lord
 87619 | Pan      | Killed Fequm the pandemonium lord
 89350 | Pan      | Found an exit through the horrors of the Abyss.
 89817 | Pan      | Noticed Tiliongo the pandemonium lord
 89826 | Pan      | Killed Tiliongo the pandemonium lord
 90441 | Pan      | Entered the realm of Cerebov.
 90547 | Pan      | Received a gift from Trog
 90592 | Pan      | Found an exit through the horrors of the Abyss.
 90759 | Pan      | Found the +6 sword of Cerebov {flame}
 90759 | Pan      | Noticed Cerebov
 90807 | Pan      | HP: 18/409 [Cerebov/iron shot (75)]
 90809 | Pan      | Killed Cerebov
 91409 | Pan      | Identified the ring of Myotikk {Dex+3 Slay-6 SInv}
 91438 | Pan      | Identified the +2 halberd "Toenniar" {spect, Fly Dex+4
                  | Stlth+}
 91444 | Pan      | Identified the ring of Qytzit {rC+ Int+6}
 91450 | Pan      | Identified the +10 hand axe of Destiny {drain, Drain rPois
                  | rC+}
 91450 | Pan      | Identified the ring "Poip" {rElec Will+ Str+2 Stlth+}
 91486 | Pan      | Got a fiery rune of Zot
 91958 | Pan      | Received a gift from Trog
 92006 | Pan      | Found an exit through the horrors of the Abyss.
 92063 | Pan      | Noticed Pesauxepn the pandemonium lord
 92086 | Pan      | Killed Pesauxepn the pandemonium lord
 93596 | Pan      | Noticed Ceoxeo the pandemonium lord
 93610 | Pan      | Killed Ceoxeo the pandemonium lord
 93756 | Pan      | Received a gift from Trog
 94249 | Pan      | Acquired a +1 tower shield of reflection
 94256 | Pan      | Lost mutation: Your magical capacity is low. (-10% MP)
                  | [mutagenic glow]
 94272 | Pan      | Found an exit through the horrors of the Abyss.
 94977 | Pan      | Gained mutation: Your body sometimes deteriorates upon
                  | taking damage. [a neqoxec]
 95116 | Pan      | Gained mutation: You tend to lose your temper in combat. [a
                  | neqoxec]
 95311 | Pan      | Received a gift from Trog
 96095 | Pan      | Found an exit through the horrors of the Abyss.
 96287 | Pan      | Lost mutation: Your body sometimes deteriorates upon taking
                  | damage. [potion of mutation]
 96287 | Pan      | Lost mutation: Your mind is acute. (Int +2) [potion of
                  | mutation]
 96287 | Pan      | Gained mutation: You are strong-willed. (Will+) [potion of
                  | mutation]
 96394 | Pan      | Lost mutation: You are strong-willed. (Will+) [potion of
                  | mutation]
 96394 | Pan      | Lost mutation: You occasionally shout uncontrollably at
                  | your foes. [potion of mutation]
 96394 | Pan      | Lost mutation: You tend to lose your temper in combat.
                  | [potion of mutation]
 96394 | Pan      | Gained mutation: You are mostly covered in large bone
                  | plates. (SH +6) [potion of mutation]
 96394 | Pan      | Gained mutation: You are agile. (Dex +2) [potion of
                  | mutation]
 96825 | Pan      | Noticed Vittineo the pandemonium lord
 97375 | Pan      | Killed Vittineo the pandemonium lord
 97679 | Pan      | Identified A Thorough Guide to Theurgy
 98146 | Pan      | Noticed Wiywk the pandemonium lord
 98165 | Pan      | Killed Wiywk the pandemonium lord
 98391 | Pan      | Reached skill level 27 in Dodging
 99605 | Pan      | Received a gift from Trog
 99612 | Pan      | Found an exit through the horrors of the Abyss.
 99758 | Pan      | Gained mutation: You are weak. (Str -2) [a cacodemon]
 99779 | Pan      | Noticed Vuczo Kadits the pandemonium lord
 99786 | Pan      | Killed Vuczo Kadits the pandemonium lord
100754 | Pan      | Noticed Kuataat the pandemonium lord
100770 | Pan      | Killed Kuataat the pandemonium lord
101242 | Pan      | Noticed Ignacio
101250 | Pan      | Killed Ignacio
101567 | Pan      | Received a gift from Trog
101643 | Pan      | Noticed Luadwemo the pandemonium lord
101675 | Pan      | Killed Luadwemo the pandemonium lord
102231 | Pan      | Identified the +6 broad axe "Poejautiob" {vorpal, Dex+3}
102292 | Pan      | Identified the ring of Iczumuikk {rC++ Will- MP+9 Dex+3
                  | Stlth+}
102816 | Pan      | Found an exit through the horrors of the Abyss.
102882 | Pan      | Received a gift from Trog
102909 | Pan      | Entered the realm of Gloorx Vloq.
103289 | Pan      | Noticed Gloorx Vloq
104029 | Pan      | Found an exit through the horrors of the Abyss.
104189 | Pan      | HP: 11/409 [Gloorx Vloq (17)]
104190 | Pan      | Slain by an Executioner

Illustrated notes

Levels and vault maps discovered:
D:1:      onia_arrival_pyramid, layout_loops_ring
D:2:      layout_loops_ring, basic_altar, basic_ecumenical_altar, uniq_jessica
D:3:      layout_loops_corners, nicolae_overflow_crystal_walls, uniq_terence
D:4:      layout_loops_cross, chequers_temple_overflow_statue_of_worship,
          minmay_temple_entry_glass, st_stairs_13, minmay_misc_feat_chi,
          minmay_rat_hole, uniq_blork_the_orc
D:5:      layout_cave_pools, overflow_temple_1_default, serial_shops, shop,
          shop, shop, corexii_leaking_fountain, hangedman_decor_lopped,
          uniq_pikel, uniq_ijyb
D:6:      layout_loops_ring, portal_sewer_entry_f
D:7:      layout_loops_ring, nicolae_dithmenos_through_a_glass_darkly,
          uniq_menkaure, uniq_maggie, uniq_crazy_yiuf_cottage
D:8:      layout_cave_pools, david_lair_shrubbed, enter_bailey_1, uniq_erica
D:9:      layout_small_grid, gammafunk_temple_overflow_wave, serial_shops, shop
D:10:     layout_loops_ring, trog_book, kennysheep_generic_room_5,
          uniq_josephine
D:11:     layout_loops_ring, nzn_ghost_randoct, serial_shops, shop
D:12:     layout_irregular_city, orc_0_dummy, chequers_serial_rivers_large_b
D:13:     layout_layer_cave, david_vaults_1, grunt_decor_resistance,
          minmay_the_grid_square_5x5_3x3_mashed [minmay_the_grid_square_5x5_v,
          minmay_the_grid_square_5x5_meh, minmay_the_grid_square_5x5_bite,
          minmay_the_grid_square_5x5_eight_small,
          minmay_the_grid_square_5x5_megaprize_checkered,
          minmay_the_grid_square_5x5_empty, minmay_the_grid_square_5x5_inset,
          minmay_the_grid_square_5x5_broken_cross,
          minmay_the_grid_square_5x5_checkered], uniq_azrael, uniq_snorg
D:14:     layout_stronghold, bh_walls_and_bars, hangedman_abyss_or_decor_stagger
D:15:     hangedman_depths_entry_try_elsewhere_first, layout_grid_maze,
          nicolae_benzene_ring, uniq_rupert
Lair:1:   layout_regular_city, nzn_sisyphean_effort, serial_bayou_shore_a,
          infiniplex_staircase_pool, grunt_megastairs_5
Lair:2:   wander_river, layout_regular_city, serial_bayou_shore_b,
          grunt_megastairs_2
Lair:3:   layout_gridlike, skrybe_swamp_entry_bodies,
          minmay_snake_entry_guardpost_small, lemuel_fruit_fields,
          lemuel_fruit_tree, minmay_lair_oklob_chamber, serial_bayou_shore_b,
          uniq_nergalle, uniq_sonja
Lair:4:   layout_small_grid
Lair:5:   layout_hall_layers, gammafunk_ghost_icy, uniq_nessos
Lair:6:   wormcave, layout_cave_shapes, slime_dummy, gauntlet_entry_generic,
          st_stairs_12, roderic_batcave, grunt_megastairs_4
Swamp:1:  layout_basic_swamp, evilmike_swamp_ruin_rubble_2
Swamp:2:  layout_basic_swamp, lemuel_altar_in_water, uniq_donald
Swamp:3:  layout_basic_swamp, evilmike_swamp_ruin_house_4, swamp_pool2,
          nicolae_swamp_treefoil
Swamp:4:  swamp_fiery, layout_basic_swamp, gammafunk_ghost_arena
Snake:1:  layout_chambers, uniq_louise
Snake:2:  layout_misc_corridors, serial_bayou_pond_d,
          nicolae_coiled_stairwell_down, minmay_shoptagon
Snake:3:  nicolae_aizul_guard, layout_basic, st_stairs_10, evilmike_ambush
          [evilmike_ambush_outer_pillars, evilmike_ambush_inner_pond],
          uniq_aizul
Snake:4:  minmay_snake_end_coiled, layout_rooms, serial_shops, shop,
          grunt_ministairs_6
Slime:1:  layout_caves
Slime:2:  nicolae_slime_jelly_donut, layout_caves
Slime:3:  layout_caves
Slime:4:  layout_caves
Slime:5
Orc:1:    layout_diamond_mine, hellmonk_bongcloud_opening
Orc:2:    pubby_orc_utopia, uniq_erolcha
Elf:1:    minmay_elf_arrival_summoners, layout_rooms,
          kennysheep_underground_church
Elf:2:    layout_geoelf_diagonals, portal_desolation_entry_salt,
          minmay_elf_sorcery
Elf:3:    minmay_elf_hall_dome, layout_geoelf_diagonals, serial_shops, shop
Vaults:1: nicolae_vaults_statue_guard, v_misc_12, vaults_room_semicircle,
          hangedman_vaults_pinch, ontoclasm_vaults_bender, v_pattern_5,
          nicolae_vaults_mini_display_case, v_alt_pattern_5,
          hangedman_vaults_impose, ontoclasm_vaults_hangar,
          layout_vaults_omnigrid
Vaults:2: vaults_room_ringed_pool, nicolae_vaults_circle_grid_b,
          nicolae_vaults_theta, v_misc_11, hangedman_vaults_trim,
          nicolae_vaults_little_squares_5, nicolae_vaults_little_squares_2,
          ontoclasm_vaults_chip, nicolae_vaults_what_the_h, v_rooms_3,
          grunt_vaults_bifocal, vaults_dpeg_ring, vaults_dpeg_diagonal,
          layout_vaults_ring, serial_shops, shop
Vaults:3: hangedman_vaults_nodes, hangedman_vaults_slither, serial_ice_h,
          hangedman_vaults_snaps, nicolae_vaults_rhombus_6,
          hangedman_vaults_corner_blocks, st_eye,
          minmay_crypt_entry_simple_corners, nicolae_vaults_circle_grid_b,
          hangedman_vaults_variations, vaults_room_mumra_shop_pool,
          vaults_room_corners, layout_vaults_maze_bifur, uniq_bai_suzhen
Vaults:4: grunt_vaults_diagonal, vaults_room_pools,
          nicolae_vaults_windows_and_doors_thing, nicolae_vaults_little_ls,
          grunt_vaults_funnel, v_misc_26, v_misc_33, dpeg_vaults_monster_box,
          hangedman_vaults_impose, nicolae_vaults_alarming,
          nicolae_vaults_angled_halls, nicolae_vaults_little_squares_1,
          vaults_room_pool, ontoclasm_vaults_fault, layout_vaults_big_cross,
          serial_shops, shop
Vaults:5
Depths:1: cheibrodos_quadrivalence, layout_twisted_cross,
          grunt_pan_entry_spiral, hell_entry, hangedman_abyss_or_decor_stabs,
          serial_shops, kennysheep_mini, nooodl_orcs_dogs, uniq_enchantress,
          uniq_saint_roka
Depths:2: hangedman_cross_veins, layout_basic, enter_ziggurat_e, special_room
          [special_room_jelly], minmay_misc_feat_four_crosses,
          grunt_mini_vestibule
Depths:3: kennysheep_four_of_diamonds, layout_honeycomb, rand_demon_pan_entry_1,
          hangedman_geh_valley, abyss_entry, minmay_staircase_windowed_small
Depths:4: lemuel_castle_with_subvaults [lemuel_castle_interior_carwin_2],
          layout_cave_pools, grunt_hell_entry_dis_mu, abyss_entry,
          minmay_misc_feat_columns, grunt_ministairs_3, infiniplex_staircase_x
Depths:5: grunt_zot_entry_bicorn, layout_cave_pools,
          chequers_serial_rivers_room_b, ebering_ghost_xom,
          hangedman_tar_grid_catacomb, kennysheep_kite_vault, uniq_jory
Pan:      gammafunk_the_bubble [the_bubble_gammafunk_roulette],
          layout_grid_shapes, nicolae_pan_lom_lobonic_3,
          evilmike_mini_pan_corridor, layout_irregular_city, lom_lobon,
          layout_gridville, pan_blood_fountain_small, evilmike_mini_pan_3x3,
          layout_gridville, pan_blood_fountain,
          evilmike_mini_pan_possible_glass, layout_grid_shapes,
          pan_blood_fountain_small, rand_demon_4, layout_pan_divisions_a
          [pan_division_quadrant_a2, pan_division_quadrant_a2,
          pan_division_quadrant_a5, pan_division_quadrant_a3,
          pan_division_octagon_rings], nicolae_pan_sigil_obb,
          nicolae_pan_mnolegish_2, evilmike_mini_pan_possible_glass,
          layout_rooms, nicolae_pan_giant_door, layout_chambers, pan_disco_hall,
          layout_gridlike, grunt_pan_spiral, layout_onion_city, rand_demon_8,
          layout_basic, pan_blood_fountain, cerebov, layout_grid_shapes,
          pan_blood_fountain_small, nicolae_pan_sigil_uleosi,
          nicolae_pan_cerebovesque_2, evilmike_mini_pan_possible_glass,
          layout_chambers, pan_blood_fountain, pan_blood_fountain_small,
          evilmike_mini_pan_rooms, layout_basic, evilmike_mini_pan_rooms,
          layout_chambers, rand_demon_2, layout_pan_divisions_a
          [pan_division_quadrant_a6, pan_division_quadrant_a3,
          pan_division_quadrant_a5, pan_division_quadrant_a4,
          pan_division_octagon_divided], grunt_pan_in_and_out, layout_gridlike,
          rand_demon_1, layout_long_grid, uniq_ignacio, grunt_pan_sceptre,
          layout_onion_city, pan_blood_fountain, nicolae_pan_lom_lobonic_1,
          nicolae_pan_sigil_obb, gloorx_vloq, layout_irregular_city

Skill      XL: |  1  2  3  4  5  6  7  8  9 10 11 12 13 14 15 16 17 18 19 20 21 22 23 24 25 26 27 |
---------------+----------------------------------------------------------------------------------+-----
Fighting       | 4 5 6 7 8 10 11 13 14 15 16 18 19 20 21 22 23 24 25 26 27 | 27.0
Axes           | 4 5 6 7 9 10 11 13 14 15 16 18 19 20 21 22 24 25 27 | 27.0
Armour         | 3 4 5 7 9 10 12 13 14 15 16 17 18 19 20 21 22 23 24 25 27 | 27.0
Shields        | 1 2 4 6 7 8 9 11 13 15 16 17 18 20 22 23 24 26 27 | 27.0
Dodging        | 3 4 5 6 7 27 | 27.0
Long Blades    | 1 3 7 |  7.8
Evocations     | 2 26 | 26.5
Slings         | 4 |  4.5
Staves         | 4 |  4.6
Crossbows      | 4 |  4.5
Short Blades   | 5 |  5.3
Throwing       | 4 |  4.1
Maces & Flails | 6 |  6.2
Polearms       | 5 |  5.7
Bows           | 4 |  4.5
Unarmed Combat | 4 |  4.4
Invocations    | 2 |  2.0

Action                   |  1- 3 |  4- 6 |  7- 9 | 10-12 | 13-15 | 16-18 | 19-21 | 22-24 | 25-27 || total
-------------------------+-------+-------+-------+-------+-------+-------+-------+-------+-------++-------
Melee: Hand axe          |    65 |   140 |   213 |   164 |       |       |       |       |       ||   582
       Headbutt          |     6 |    32 |    48 |    97 |   208 |   321 |   289 |   472 |  2133 ||  3606
       Broad axe         |       |       |       |   286 |   833 |  1365 |  1021 |  1440 |  6976 || 11921
       Scimitar          |       |       |       |     7 |    49 |       |       |       |       ||    56
Invok: Berserk           |       |     5 |     4 |    13 |    22 |    19 |    12 |    17 |    33 ||   125
       Brothers in Arms  |       |       |       |     2 |     6 |     8 |     3 |     3 |    20 ||    42
       Trog's Hand       |       |       |       |       |     4 |     4 |     5 |     2 |    32 ||    47
Evoke: Wand              |       |       |       |       |     2 |    11 |       |     1 |       ||    14
       Condenser vane    |       |       |       |       |     1 |       |       |       |     1 ||     2
  Use: Scroll            |       |     6 |     1 |     9 |    12 |     7 |     3 |    10 |    21 ||    69
       Potion            |       |       |       |     2 |     5 |     1 |     1 |     5 |    22 ||    36
 Stab: Distracted        |       |       |       |       |     2 |     2 |     1 |       |     6 ||    11
       Petrified         |       |       |       |       |     5 |       |       |       |       ||     5
       Petrifying        |       |       |       |       |     1 |       |       |       |       ||     1
       Confused          |       |       |       |       |       |     1 |       |       |       ||     1
       Invisible         |       |       |       |       |       |       |       |       |     4 ||     4
Armor: Animal skin       |     3 |       |       |       |       |       |       |       |       ||     3
       Chain mail        |    31 |    32 |       |       |       |       |       |       |       ||    63
       Plate armour      |       |    28 |   102 |       |       |       |       |       |       ||   130
       Scale mail        |       |       |     2 |   282 |   328 |       |       |       |       ||   612
       Crystal plate arm |       |       |       |       |   141 |   569 |   344 |   570 |   222 ||  1846
       Gold dragon scale |       |       |       |       |       |       |       |       |  1065 ||  1065
Dodge: Dodged            |    23 |    38 |    43 |   270 |   376 |   201 |   167 |   272 |  1482 ||  2872
Block: Other             |    10 |    33 |    50 |   137 |    90 |       |       |       |       ||   320
       Reflection        |     1 |       |       |     6 |    20 |   114 |       |    13 |   119 ||   273
       Tower shield      |       |       |       |       |   567 |  1642 |   999 |  1738 |  7903 || 12849
       Rpst.: Scimitar   |       |       |       |     2 |    12 |       |       |       |       ||    14

Table legend: (Time is in decaauts)
 A = Elapsed time spent in this place.
 B = Non-inter-level travel time spent in this place.
 C = Inter-level travel time spent in this place.
 D = Time resting spent in this place.
 E = Time spent auto-exploring this place.
 F = Levels seen in this place.
 G = Mean time per level.
                   A        B        C        D        E       F      G
               +--------+--------+--------+--------+--------+-----+--------+
         Total | 102909 |  97843 |   5066 |  14611 |  61388 |  84 | 1225.1 |
       Dungeon |  16476 |  14675 |   1801 |    909 |  11297 |  15 | 1098.4 |
          Lair |   6945 |   6034 |    911 |    532 |   4139 |   6 | 1157.5 |
         Swamp |   5007 |   4763 |    244 |    702 |   3222 |   4 | 1251.8 |
     Snake Pit |   7179 |   6839 |    340 |   1908 |   3574 |   4 | 1794.8 |
    Slime Pits |   2371 |   2173 |    198 |     85 |   1636 |   5 |  474.2 |
  Orcish Mines |   2983 |   2769 |    214 |    288 |   1853 |   2 | 1491.5 |
   Elven Halls |   3505 |   3251 |    254 |    252 |   2287 |   3 | 1168.3 |
        Vaults |  10154 |   9784 |    370 |   2270 |   5914 |   5 | 2030.8 |
        Depths |   8137 |   7405 |    732 |    390 |   5548 |   5 | 1627.4 |
         Abyss |   7136 |   7136 |      0 |    564 |   3223 |  11 |  648.7 |
   Pandemonium |  29676 |  29676 |      0 |   5307 |  17516 |  20 | 1483.8 |
         Sewer |    125 |    125 |      0 |      0 |     82 |   1 |  125.0 |
        Bailey |    242 |    242 |      0 |      0 |    125 |   1 |  242.0 |
    Desolation |   2270 |   2270 |      0 |   1111 |    784 |   1 | 2270.0 |
      Gauntlet |    697 |    697 |      0 |    289 |    184 |   1 |  697.0 |
               +--------+--------+--------+--------+--------+-----+--------+

Top non-repeatable levels by time:
Vaults:4: 3858 daAuts
 Snake:3: 2873 daAuts
   Orc:2: 2444 daAuts
 Abyss:2: 2443 daAuts
Desolation: 2270 daAuts
Depths:4: 2019 daAuts
 Abyss:3: 1980 daAuts
Vaults:1: 1892 daAuts
    D:14: 1756 daAuts
   Elf:2: 1719 daAuts
 Swamp:4: 1702 daAuts
Depths:1: 1697 daAuts
Depths:3: 1631 daAuts
 Abyss:1: 1613 daAuts
 Swamp:2: 1577 daAuts
